 Dungeon Crawl Stone Soup version 0.24-a0-458-gfcb5e6da0e (webtiles) character file.

Game seed: 12341701189711756053

8964 Ijustatesigmund the Fighter (level 11, -2/126 HPs)
             Began as an Ogre Hunter on June 26, 2019.
             Was a Priest of Cheibriados.
             Killed from afar by Erolcha (11 damage)
             ... with a crystal spear
             ... on level 10 of the Dungeon.
             The game lasted 00:26:46 (15827 turns).

Ijustatesigmund the Fighter (Ogre Hunter)          Turns: 15827, Time: 00:26:47

Health: -2/126     AC:  8    Str: 26    XL:     11   Next: 39%
Magic:  11/14      EV: 13    Int: 20    God:    Cheibriados [***...]
Gold:   453        SH:  0    Dex: 20    Spells: 7/10 levels left

rFire    . . .     SeeInvis .   a - +9 club
rCold    + . .     Gourm    .   (no shield)
rNeg     . . .     Faith    .   y - +2 robe {rC+}
rPois    .         Spirit   .   (helmet restricted)
rElec    .         Reflect  .   o - +2 cloak
rCorr    .         Harm     .   (gloves unavailable)
MR       +....                  (boots unavailable)
Stlth    +++.......             (no amulet)
HPRegen  0.31/turn              m - ring of stealth
MPRegen  0.14/turn              (no ring)

@: very slow
A: large, unfitting armour, tough skin 1
a: Bend Time, Temporal Distortion, Renounce Religion


You were on level 10 of the Dungeon.
You worshipped Cheibriados.
Cheibriados was most pleased with you.
You were hungry.

You visited 2 branches of the dungeon, and saw 12 of its levels.
You also visited: Bailey.

You collected 650 gold pieces.
You spent 197 gold pieces at shops.

Inventory:

Hand Weapons
 a - a +9 club (weapon)
 p - a +1 flail of protection
 t - a +0 giant spiked club
Missiles
 c - a large rock (quivered)
 s - 26 poisoned darts
Armour
 o - a +2 cloak (worn)
 y - a +2 robe of cold resistance (worn)
Jewellery
 i - an uncursed ring of ice
 m - a ring of stealth (left hand)
Wands
 h - a wand of digging (6)
 u - a wand of acid (3)
Scrolls
 d - 5 scrolls of identify
 e - 2 scrolls of enchant weapon
 k - 2 scrolls of blinking
 l - 7 scrolls of remove curse
 n - 2 scrolls of enchant armour
 r - 4 scrolls of immolation
 v - a scroll of fear
 w - a scroll of teleportation
Potions
 b - a potion of brilliance
 g - 2 potions of resistance
 j - a potion of might {unknown}
 q - a potion of flight
Comestibles
 f - 9 rations


   Skills:
 + Level 12.9 Fighting
 + Level 10.7 Maces & Flails
 - Level 4.0 Throwing
 + Level 4.7 Dodging
 - Level 0.6 Stealth
 - Level 2.4 Conjurations
 - Level 2.3 Translocations
 + Level 5.1 Invocations


You had 7 spell levels left.
You knew the following spells:

 Your Spells              Type           Power        Failure   Level  Hunger
a - Magic Dart            Conj           #...         8%          1    ##.....
b - Blink                 Tloc           N/A          11%         2    ###....

Your spell library contained the following spells:

 Spells                   Type           Power        Failure   Level  Hunger
 Beastly Appendage        Tmut           #.....       19%         1    ##.....
 Call Imp                 Summ           #.......     28%         2    ###....
 Slow                     Hex            #.......     28%         2    ###....
 Sticks to Snakes         Tmut           #.......     28%         2    ###....
 Sublimation of Blood     Necr           #.........   28%         2    ###....
 Conjure Flame            Conj/Fire      #.......     34%         3    ####...
 Mephitic Cloud           Conj/Pois/Air  #.......     38%         3    ####...
 Ignite Poison            Fire/Tmut/Pois #.......     50%         3    ####...
 Spider Form              Tmut/Pois      #.........   50%         3    ####...
 Ice Form                 Ice/Tmut       #.......     88%         4    #####..
 Petrify                  Tmut/Erth      #.......     88%         4    #####..
 Irradiate                Conj/Tmut      #.........   97%         5    ######.
 Alistair's Intoxication  Tmut/Pois      #.......     99%         5    ######.
 Blade Hands              Tmut           #.........   99%         5    ######.


Dungeon Overview and Level Annotations

Branches:
Dungeon (11/15)            Temple (1/1) D:7            Lair (0/6) D:9
    Orc: D:9-12

Altars:
Ashenzari
Cheibriados
Dithmenos
Elyvilon
Fedhas
Gozag
Hepliaklqana
Kikubaaqudgha
Makhleb
Nemelex Xobeh
Okawaru
Qazlal
Ru
Sif Muna
Trog
Uskayaw
Vehumet
Wu Jian
Xom
Yredelemnul
Zin
The Shining One

Shops:
D:5 [%*(   D:8 [

Annotations:
D:10 Erolcha
D:11 exclusion: ice statue


Innate Abilities, Weirdness & Mutations

You are too large for most types of armour.
You have tough skin. (AC +1)


Message History

* * * LOW HITPOINT WARNING * * *
Items here: % )) †† a cursed -3 giant spiked club; a +0 giant club; a ration; a wyvern corpse a two-headed ogre corpse Throwing (i - inventory. (/) - cycle)
c - 2 large rocks (quivered)
Press: ? - help, Shift-Dir - straight line, f/p - Erolcha
Aim: Erolcha, wielding a +0 giant club and wearing a +2 robe of magic resistance (lightly wounded, fast)
You throw a large rock. The large rock hits Erolcha.
Erolcha is moderately wounded.
Erolcha hits you with a +0 giant club!
* * * LOW HITPOINT WARNING * * *
Erolcha hits you with a +0 giant club!
* * * LOW HITPOINT WARNING * * *
Okay, then.
The flow of time bends around you.
Cheibriados rebukes Erolcha.
Erolcha seems to slow down.
You feel slightly more hungry.
Erolcha points at you and mumbles some strange words.
The crystal spear hits you!
You die...

... #......
#.##.......... ##......
............!.. #.......
......>..#.....##.......
......./.###...##.......
................#.......
.(.........##......).((.
....(......##.#....(....
.......@##.##.##.)†.....
....##O#...##..##....#.#
. #..##..##......#.###
....#....#.#.######
.#...###....#########.
#. #... ##.#...........
. ##.. ###.......##. ...
.#.#........#
............#


You could see Erolcha.

Vanquished Creatures
  2 two-headed ogres
  Nergalle (D:10)
  An orc knight (Bailey)
  Pikel (D:5)
  A troll (D:8)
  A hippogriff (D:7)
  A wraith (D:11)
  2 wyverns
  6 yaks (D:9)
  An ice beast (D:7)
  2 sky beasts
  9 orc warriors
  3 phantoms
  3 ogres
  4 centaurs
  2 big kobolds
  3 bullfrogs
  A wyvern zombie (D:7)
  A gnoll sergeant (D:8)
  2 scorpions
  3 killer bees (D:9)
  5 howler monkeys
  4 crimson imps
  3 bullfrog zombies
  A quasit (D:10)
  Crazy Yiuf (D:3)
  10 hounds
  3 jellies
  7 orc wizards
  4 centaur skeletons
  4 orc priests
  An iguana (D:6)
  Ijyb (D:5)
  7 worker ants
  A hound zombie (D:5)
  A worker ant zombie (D:6)
  17 gnolls
  10 adders
  3 shadow imps
  An adder skeleton (D:5)
  5 worms
  2 dart slugs
  8 leopard geckos
  48 orcs
  4 ball pythons
  7 bats
  6 giant cockroaches
  12 goblins
  7 hobgoblins
  2 jackals (D:3)
  3 quokkas
  7 frilled lizards
  28 kobolds
  A leopard gecko skeleton (D:7)
  10 rats
284 creatures vanquished.

Notes
Turn   | Place    | Note
-------+----------+-------------------------------------------
     0 | D:1      | Ijustatesigmund the Ogre Hunter began the quest for the
                  | Orb.
     0 | D:1      | Reached XP level 1. HP: 22/22 MP: 1/1
    53 | D:1      | Reached skill level 3 in Fighting
   326 | D:1      | Reached XP level 2. HP: 26/32 MP: 2/2
   555 | D:1      | Reached skill level 4 in Fighting
   783 | D:1      | Found a shattered altar of Ashenzari.
  1091 | D:1      | Reached XP level 3. HP: 13/41 MP: 3/3
  1097 | D:1      | Reached skill level 5 in Fighting
  1537 | D:2      | Reached XP level 4. HP: 50/50 MP: 4/4
  2349 | D:3      | Reached skill level 1 in Maces & Flails
  2433 | D:3      | Reached skill level 6 in Fighting
  2450 | D:3      | Found a hazy altar of Hepliaklqana.
  2945 | D:3      | Reached XP level 5. HP: 59/59 MP: 5/5
  3023 | D:3      | You fall into a shaft and drop 1 floor!
  3807 | D:3      | Found a runed translucent door.
  3808 | D:3      | Noticed Crazy Yiuf
  3814 | D:3      | Killed Crazy Yiuf
  3964 | D:4      | Reached XP level 6. HP: 63/68 MP: 6/6
  3991 | D:4      | Reached skill level 7 in Fighting
  4249 | D:4      | Noticed a phantom
  4278 | D:4      | Killed a phantom
  4495 | D:5      | Entered Level 5 of the Dungeon
  4772 | D:5      | Found Odwog's General Store.
  4786 | D:5      | Bought a scroll of identify for 30 gold pieces
  4786 | D:5      | Bought a potion of heal wounds for 75 gold pieces
  4801 | D:5      | Learned a level 1 spell: Magic Dart
  4804 | D:5      | Learned a level 2 spell: Blink
  4841 | D:5      | Noticed Ijyb
  4855 | D:5      | Killed Ijyb
  4881 | D:5      | Reached XP level 7. HP: 39/79 MP: 7/7
  5224 | D:5      | Found Vahanomm's Antique Weapon Boutique.
  5279 | D:5      | Reached skill level 8 in Fighting
  5631 | D:5      | Reached skill level 5 in Maces & Flails
  6015 | D:5      | Noticed Pikel
  6023 | D:5      | Killed Pikel
  6023 | D:5      | Reached skill level 9 in Fighting
  6023 | D:5      | Reached XP level 8. HP: 59/92 MP: 8/8
  6186 | D:5      | Found Lynami's Food Emporium.
  6200 | D:5      | Found Axiarae's Antique Armour Shoppe.
  6815 | D:6      | Reached skill level 10 in Fighting
  6815 | D:6      | Reached XP level 9. HP: 43/101 MP: 9/9
  8446 | D:7      | Reached skill level 11 in Fighting
  8808 | D:7      | Found a staircase to the Ecumenical Temple.
  8819 | Temple   | Entered the Ecumenical Temple
  8895 | Temple   | Became a worshipper of Cheibriados the Contemplative
  9218 | D:8      | Found a flagged portal.
  9225 | Bailey   | Entered a bailey
 10450 | Bailey   | Reached skill level 1 in Conjurations
 10450 | Bailey   | Reached skill level 1 in Translocations
 10757 | Bailey   | Noticed an orc knight
 10783 | Bailey   | Killed an orc knight
 10783 | Bailey   | Reached XP level 10. HP: 87/114 MP: 10/10
 10788 | Bailey   | Reached * piety under Cheibriados
 11645 | D:8      | Found Kackoq's Antique Armour Shop.
 11648 | D:8      | Bought a runed robe for 92 gold pieces
 11807 | D:8      | Reached ** piety under Cheibriados
 12071 | D:8      | Reached skill level 1 in Invocations
 12886 | D:8      | Reached skill level 10 in Maces & Flails
 13385 | D:9      | Reached skill level 12 in Fighting
 13407 | D:9      | Found a staircase to the Lair.
 13651 | D:9      | Reached *** piety under Cheibriados
 14148 | D:9      | Noticed a two-headed ogre
 14169 | D:9      | Killed a two-headed ogre
 14169 | D:9      | Reached XP level 11. HP: 61/124 MP: 13/13
 15123 | D:10     | Entered Level 10 of the Dungeon
 15742 | D:10     | Noticed Nergalle
 15758 | D:10     | Killed Nergalle
 15795 | D:10     | Noticed Erolcha
 15796 | D:10     | Noticed a two-headed ogre
 15810 | D:10     | Killed a two-headed ogre
 15810 | D:10     | Reached skill level 5 in Invocations
 15827 | D:10     | Killed from afar by Erolcha

Levels and vault maps discovered:
D:1:      giann_forest_graveyard, layout_basic, evilmike_ruin_ashenzari
D:2:      layout_rooms, st_stairs_12, minmay_misc_feat_columns
D:3:      layout_loops_corners, nicolae_overflow_crystal_walls, first_ration,
          ebering_dispersal_statue_hall, uniq_crazy_yiuf_cottage
D:4:      layout_loops_ring
D:5:      layout_basic, serial_shops, shop, shop, nicolae_shop_behind_doors,
          nicolae_shop_behind_doors, uniq_pikel, uniq_ijyb
D:6:      layout_loops_corners
D:7:      layout_cave_pools, minmay_temple_entry_poolview, grunt_decor_cap
D:8:      layout_loops_cross, enter_bailey_2, serial_shops, kennysheep_mini
D:9:      layout_loops_ring, erik_lair_island
D:10:     layout_cave_pools, hangedman_ranch [blue_anna_fruit_fields],
          uniq_erolcha, uniq_nergalle
D:11:     minmay_separated_statues, layout_irregular_city, uniq_maurice
Temple:   grunt_wide_crystal_templ

Skill      XL: |  1  2  3  4  5  6  7  8  9 10 11 |
---------------+----------------------------------+-----
Fighting       | 3 4 5 6 7 9 10 11 12 | 12.9
Maces & Flails | 1 2 4 6 7 9 10 | 10.7
Conjurations   | 1 2 |  2.4
Translocations | 1 2 |  2.3
Dodging        | 3 4 |  4.7
Invocations    | 3 5 |  5.1
Throwing       | |  4.0
Stealth        | |  0.6

Action                   |  1- 3 |  4- 6 |  7- 9 | 10-12 || total
-------------------------+-------+-------+-------+-------++-------
Melee: Short sword       |   104 |     6 |       |       ||   110
       Flail             |       |   178 |       |       ||   178
       Quarterstaff      |       |    50 |       |       ||    50
       Club              |       |     4 |   268 |   432 ||   704
Throw: Large rock        |       |     7 |    14 |    15 ||    36
       Throwing net      |       |       |     2 |     1 ||     3
 Cast: Magic Dart        |       |       |    48 |       ||    48
       Blink             |       |       |     1 |       ||     1
Invok: Bend Time         |       |       |       |     5 ||     5
Evoke: Wand              |       |       |    16 |     5 ||    21
  Use: Scroll            |     5 |     3 |     6 |     5 ||    19
       Potion            |     3 |     1 |       |     4 ||     8
 Stab: Sleeping          |     2 |     4 |     6 |     3 ||    15
       Paralysed         |       |     4 |       |       ||     4
       Held in net/web   |       |       |     2 |       ||     2
       Invisible         |       |       |       |     5 ||     5
  Eat: Chunk             |     1 |     8 |    12 |     4 ||    25
       Ration            |       |     1 |     3 |     1 ||     5
Armor: Robe              |    20 |    67 |    92 |   136 ||   315
       Skin              |    21 |       |       |       ||    21
Dodge: Dodged            |    51 |   157 |   172 |   240 ||   620

Table legend:
 A = Non-vault XP
 B = Vault XP
 C = Vault XP percentage of total XP
 D = Non-vault monster count
 E = Vault monster count
 F = Vault count percentage of total count
                 A         B        C        D         E       F
            +---------+---------+-------+---------+---------+-------
      Total |    9583 |    3223 |  25.2 |     240 |      44 |  15.5
            +---------+---------+-------+---------+---------+-------
        D:1 |      62 |       0 |   0.0 |      22 |       0 |   0.0
        D:2 |      61 |       1 |   1.6 |      19 |       1 |   5.0
        D:3 |     143 |      42 |  22.7 |      37 |       1 |   2.6
        D:4 |     186 |       0 |   0.0 |       8 |       0 |   0.0
        D:5 |     613 |     606 |  49.7 |      20 |       2 |   9.1
        D:6 |    1230 |       0 |   0.0 |      34 |       0 |   0.0
        D:7 |     948 |       0 |   0.0 |      23 |       0 |   0.0
        D:8 |    1319 |     296 |  18.3 |      31 |       1 |   3.1
        D:9 |    3359 |     254 |   7.0 |      32 |       6 |  15.8
       D:10 |    1439 |     800 |  35.7 |      10 |       1 |   9.1
       D:11 |     223 |       0 |   0.0 |       4 |       0 |   0.0
     Bailey |       0 |    1224 | 100.0 |       0 |      32 | 100.0
            +---------+---------+-------+---------+---------+-------
